 Dungeon Crawl Stone Soup version 0.30-a0-782-ge64f9170bb (webtiles) character file.

Game seed: 18048859738425368640

865 Barriton the Firebug (level 7, -5/51 HPs)
             Began as a Yellow Draconian Fire Elementalist on Feb 20, 2023.
             Was a Follower of Qazlal.
             Slain by a black bear (8 damage)
             ... on level 5 of the Dungeon.
             The game lasted 00:11:57 (5261 turns).

Barriton the Firebug (DrFE)                         Turns: 5261, Time: 00:11:58

Health: -5/51      AC:  7    Str: 11    XL:     7   Next: 72%
Magic:  2/15       EV: 12    Int: 17    God:    Qazlal [*.....]
Gold:   190        SH:  1    Dex: 11    Spells: 14/17 levels left

rFire   + + .      SeeInvis .    d - staff of fire
rCold   . . .      Faith    .    (no shield)
rNeg    . . .      Spirit   .    (body armour unavailable)
rPois   .          Reflect  .    (helmet restricted)
rElec   .          Harm     .    f - +0 cloak
rCorr   +          Rampage  .    (no gloves)
Will    .....                    (no boots)
Stlth   ++                       (no amulet)
HPRegen 0.28/turn                e - ring of protection from fire
MPRegen 0.14/turn                (no ring)

@: short of breath
A: spit acid, AC +6, unfitting armour, cold-blooded, acid resistance
a: Breathe Acid, Renounce Religion


You were on level 5 of the Dungeon.
You worshipped Qazlal.
Qazlal was aware of your devotion.
You visited 1 branch of the dungeon, and saw 5 of its levels.

You collected 190 gold pieces.

Inventory:

Hand Weapons
 o - a +3 quarterstaff of chaos
Armour
 f - a +0 cloak (worn)
 p - a +0 cloak
Magical Staves
 d - a staff of fire (weapon)
Jewellery
 e - a ring of protection from fire (left hand)
 m - an amulet of regeneration
 n - a +5 ring of evasion
Scrolls
 c - a scroll of vulnerability {unknown}
 g - 3 scrolls of enchant weapon
 r - a scroll of poison {unknown}
 s - a scroll of identify
Potions
 a - 2 potions of magic
 b - 6 potions of curing
 h - 2 potions of attraction
 i - a potion of cancellation {unknown}
 j - 2 potions of brilliance
 k - 2 potions of might {unknown}
 l - a potion of haste {unknown}
 q - 2 potions of degeneration {unknown}


   Skills:
 + Level 0.6 Fighting
 + Level 0.9 Staves
 + Level 2.8 Dodging
 + Level 2.1 Stealth
 + Level 5.6 Spellcasting
 + Level 2.0 Conjurations
 + Level 6.1 Fire Magic


You had 14 spell levels left.
You knew the following spells:

 Your Spells              Type           Power      Damage    Failure   Level
a - Foxfire               Conj/Fire      100%       2x1d9     2%          1
b - Scorch                Fire           76%        2d8       1%          2

Your spell library contained the following spells:

 Spells                   Type           Power      Damage    Failure   Level
 Kiss of Death            Conj/Necr      32%        2d7       9%          1
 Inner Flame              Hex/Fire       22%        N/A       12%         3
 Apportation              Tloc           8%         N/A       14%         1
 Necrotise                Necr           16%        1d4       14%         1
 Summon Small Mammal      Summ           16%        N/A       14%         1
 Kindle Blastsparks       Fire/Tloc/Air  34%        2d12      17%         3
 Flame Wave               Conj/Fire      28%        2d9       24%         4
 Confusing Touch          Hex            4%         N/A       38%         3
 Vampiric Draining        Necr           4%         2d6       38%         3
 Fireball                 Conj/Fire      14%        3d8       56%         5
 Dispel Undead            Necr           4%         3d7       80%         4
 Agony                    Necr           4%         N/A       98%         5
 Starburst                Conj/Fire      14%        6d6       98%         6


Dungeon Overview and Level Annotations

Branches:
Dungeon (5/15)             Temple (0/1) D:4

Altars:
Hepliaklqana
Makhleb
Qazlal
Xom
Yredelemnul
Zin

Shops:
D:2 (


Innate Abilities, Weirdness & Mutations

You can spit globs of acid.
Your golden yellow scales are hard. (AC +6)
You cannot fit into any form of body armour.
You are cold-blooded and may be slowed by cold attacks.
You are resistant to acid. (rCorr)


Message History

The black bear claws you but does no damage.
The black bear closely misses you.
You hit the black bear.
You tail-slap the black bear, but do no damage.
The black bear is severely wounded.
The black bear is no longer more vulnerable to fire.
The black bear goes berserk!
You hit the black bear.
The black bear is severely wounded.
The black bear bites you. The black bear barely misses you.
The black bear claws you. The black bear bites you.
The black bear claws you but does no damage. x2
You barely miss the black bear. Your punch misses the black bear.
The black bear is severely wounded.
The black bear bites you. The black bear claws you.
* * * LOW HITPOINT WARNING * * *
The black bear misses you. The black bear bites you.
* * * LOW HITPOINT WARNING * * *
The black bear misses you. The black bear barely misses you.
The black bear bites you.
* * * LOW HITPOINT WARNING * * *
The black bear misses you. The black bear closely misses you.
The black bear rages.
The black bear bites you but does no damage.
The black bear claws you but does no damage.
The black bear barely misses you.
Press: ? - help, Shift-Dir - straight line, f - black bear
Aim: a black bear (severely wounded, berserk, 74% to hit)
You spit a glob of acid.
The glob of acid hits the black bear!
The acid corrodes the black bear!
The black bear is almost dead.
The black bear misses you. x2; The black bear claws you.
* * * LOW HITPOINT WARNING * * *
The black bear attacks as you move away!
The black bear bites you but does no damage.
The black bear claws you.
* * * LOW HITPOINT WARNING * * *
The black bear claws you but does no damage.
The black bear bites you!
You die...

#...##.#
#.# #.#
..####.#
#.# #.#
.## #.#
#.# #.#
.# #.#
#.# #.#
## #.#
#.# #.#
#.# #.#
#.# ..#
#.# #.#
###
#.#####.#
#...@h..#
#########


You could see a black bear (berserk, corroded).

Vanquished Creatures
  Edmund (D:4)
  An ogre (D:5)
  2 phantoms
  A centaur (D:5)
  A scorpion (D:5)
  A howler monkey (D:4)
  A hound (D:5)
  Crazy Yiuf (D:4)
  An orc priest (D:4)
  An iguana (D:5)
  An orc wizard (D:4)
  4 gnolls (D:3)
  8 adders
  2 worms
  5 dart slugs
  5 orcs
  4 ball pythons
  6 bats
  8 endoplasms
  4 giant cockroaches
  8 hobgoblins
  5 quokkas
  A frilled lizard (D:2)
  3 goblins (D:1)
  8 kobolds
  3 rats
86 creatures vanquished.

Vanquished Creatures (others)
  38 foxfires
  37 plants (D:3)
75 creatures vanquished.

Grand Total: 161 creatures vanquished

Notes
Turn   | Place    | Note
-------+----------+-------------------------------------------
     0 | D:1      | Barriton the Draconian Fire Elementalist began the quest
                  | for the Orb.
     0 | D:1      | Reached XP level 1. HP: 14/14 MP: 3/3
   232 | D:1      | Reached XP level 2. HP: 20/20 MP: 3/5
   291 | D:1      | Learned a level 2 spell: Scorch
  1129 | D:2      | Reached XP level 3. HP: 26/26 MP: 0/6
  1296 | D:2      | Found a faded altar of an unknown god.
  1594 | D:2      | Found Gygh's Weapon Emporium.
  1775 | D:3      | Found a basalt altar of Yredelemnul.
  2213 | D:3      | Reached XP level 4. HP: 33/33 MP: 0/8
  2499 | D:3      | Found a hazy altar of Hepliaklqana.
  2615 | D:3      | Found a stormy altar of Qazlal.
  2640 | D:3      | Became a worshipper of Qazlal Stormbringer
  3036 | D:3      | Found a burning altar of Makhleb.
  3036 | D:3      | Found a shimmering altar of Xom.
  3228 | D:4      | Reached XP level 5. HP: 38/39 MP: 5/10
  3243 | D:4      | Reached skill level 4 in Fire Magic
  3427 | D:4      | Found a staircase to the Ecumenical Temple.
  3860 | D:4      | Noticed a phantom
  3866 | D:4      | Killed a phantom
  3867 | D:4      | Reached XP level 6. HP: 46/46 MP: 3/12
  3970 | D:4      | Found a runed translucent door.
  3971 | D:4      | Noticed Crazy Yiuf
  3977 | D:4      | Killed Crazy Yiuf
  4244 | D:4      | Noticed Edmund
  4245 | D:4      | Found a glowing silver altar of Zin.
  4250 | D:4      | Killed Edmund
  4251 | D:4      | Reached skill level 5 in Fire Magic
  4555 | D:5      | Entered Level 5 of the Dungeon
  4562 | D:5      | Your scales start taking on a golden yellow colour.
  4562 | D:5      | Reached XP level 7. HP: 45/51 MP: 9/14
  4562 | D:5      | Gained mutation: You are resistant to acid. (rCorr) [Yellow
                  | Draconian growth]
  4612 | D:5      | Reached skill level 5 in Spellcasting
  5216 | D:5      | Reached * piety under Qazlal
  5217 | D:5      | Reached skill level 6 in Fire Magic
  5261 | D:5      | HP: 2/51 [black bear (5)]
  5261 | D:5      | Slain by a black bear

Illustrated notes

Levels and vault maps discovered:
D:1:      lemuel_arrival_cross, layout_basic
D:2:      layout_rooms, serial_shops, nicolae_shop_stone,
          shapermc_ecumenical_altar_venn
D:3:      layout_loops_corners, grunt_temple_overflow_champion_of_chaos,
          mainiacjoe_overflow_alcove_2, mainiacjoe_overflow_six_doors_small,
          amcnicky_altar_gilded, serial_bayou_lagoon_a
D:4:      layout_loops_ring, zin_academy, minmay_temple_entry_large_hall,
          kennysheep_generic_room_15, uniq_edmund, uniq_crazy_yiuf_cottage
D:5:      minmay_evil_eye, layout_loops_ring, kennysheep_little_box

Skill      XL: |  1  2  3  4  5  6  7 |
---------------+----------------------+-----
Dodging        | 2 |  2.8
Spellcasting   | 3 4 5 |  5.6
Fire Magic     | 4 5 6 |  6.1
Conjurations   | 2 |  2.0
Stealth        | 2 |  2.1
Fighting       | |  0.6
Staves         | |  0.9

Action                     |  1- 3 |  4- 6 |  7- 9 || total
---------------------------+-------+-------+-------++-------
  Melee: Staff             |    20 |    48 |    13 ||    81
         Unarmed           |     3 |       |       ||     3
         Tailslap          |     2 |     4 |     2 ||     8
         Punch             |     1 |     1 |       ||     2
   Cast: Foxfire           |    18 |     9 |     2 ||    29
         Scorch            |    30 |    52 |    22 ||   104
Ability: Breathe Acid      |       |       |     1 ||     1
    Use: Scroll            |     8 |     2 |       ||    10
 Armour: Skin              |    19 |    27 |    18 ||    64
  Dodge: Dodged            |    27 |    56 |    26 ||   109

Table legend: (Time is in decaauts)
 A = Elapsed time spent in this place.
 B = Non-inter-level travel time spent in this place.
 C = Inter-level travel time spent in this place.
 D = Time resting spent in this place.
 E = Time spent auto-exploring this place.
 F = Levels seen in this place.
 G = Mean time per level.
                   A        B        C        D        E       F      G
               +--------+--------+--------+--------+--------+-----+--------+
         Total |   5285 |   5160 |    125 |     81 |   4291 |   5 | 1057.0 |
       Dungeon |   5285 |   5160 |    125 |     81 |   4291 |   5 | 1057.0 |
               +--------+--------+--------+--------+--------+-----+--------+

Top non-repeatable levels by time:
     D:4: 1464 daAuts
     D:3: 1416 daAuts
     D:1: 1123 daAuts
     D:5: 707 daAuts
     D:2: 573 daAuts
